 Dungeon Crawl Stone Soup version 0.31-a0-640-g39d97e502b (webtiles) character file.

Game seed: 8378569505998980332

46 qw the Shooter (level 3, -2/21 HPs)
             Began as a Gargoyle Hunter on Aug 27, 2023.
             Slain by a gnoll
             ... wielding a +0 halberd
              (8 damage)
             ... on level 2 of the Dungeon.
             The game lasted 00:00:26 (897 turns).

qw the Shooter (Gargoyle Hunter)                     Turns: 897, Time: 00:00:26

Health: -2/21      AC: 11    Str: 14    XL:     3   Next: 66%
Magic:  3/3        EV: 10    Int:  9    God:
Gold:   31         SH:  0    Dex: 15    Spells: 2/2 levels left

rFire   + . .        Y - +0 shortbow
rCold   . . .        (shield currently unavailable)
rNeg    + . .        f - +1 ring mail {rF+}
rPois   inf          (no helmet)
rElec   +            (no cloak)
rCorr   .            g - +1 pair of gloves {Stlth+}
SInv    .            (no boots)
Will    .....        (no amulet)
Stlth   ++           (no ring)
HPRegen 0.23/turn    (no ring)
MPRegen 0.08/turn

%: no passive effects
@: no status effects
A: sickness immunity, AC +3, negative energy resistance 1, electricity
resistance, torment resistance 1, petrification resistance
a: no special abilities


You were on level 2 of the Dungeon.
You visited 1 branch of the dungeon, and saw 2 of its levels.

You collected 31 gold pieces.


Innate Abilities, Weirdness & Mutations

You are immune to sickness and miasma.
Your stone body is resilient. (AC +3)
You are immune to poison.
You resist negative energy. (rN+)
You are resistant to electric shocks. (rElec)
You are resistant to unholy torment.
You are immune to petrification.


   Skills:
 + Level 2.1 Fighting
 - Level 5.1 Ranged Weapons
 - Level 1.0 Armour
 - Level 1.5 Dodging
 - Level 1.1 Stealth


You had 2 spell levels left.
You didn't know any spells.
Your spell library was empty.

Inventory:

Hand Weapons
 Y - a +0 shortbow (weapon)
Armour
 f - a +1 ring mail of fire resistance (worn)
 g - a +1 pair of gloves of stealth (worn)
Scrolls
 a - a scroll of brand weapon {unknown}
 b - a scroll of fear {unknown}
 c - a scroll of amnesia {unknown}
Potions
 d - a potion of degeneration {unknown}
 h - 3 potions of curing {unknown}

Dungeon Overview and Level Annotations

Branches:
Dungeon (2/15)

Altars:


Message History

A gnoll comes into view. It is wielding a +0 halberd.
The gnoll moves out of view.
A gnoll comes into view. It is wielding a +2 vampiric spear.
You shoot an arrow. The gnoll shouts!
The arrow hits the gnoll but does no damage.
You shoot an arrow. The arrow hits the gnoll.
The gnoll is heavily wounded.
You shoot an arrow. The arrow closely misses the gnoll.
A gnoll comes into view. It is wielding a +0 spear.
Enter note:
Enter note:
887 ||| Stepping ~*~*~tactically~*~*~ (retreating).
The gnoll closely misses you.
You shoot an arrow. The arrow hits the gnoll!
The gnoll is almost dead.
The gnoll hits you from afar with a +2 vampiric spear. x2
You shoot an arrow. The gnoll shouts!
The arrow hits the gnoll.
You kill the gnoll!
Your Ranged Weapons skill increases to level 5!
You start resting.
There are monsters nearby!
891 ||| Stepping ~*~*~tactically~*~*~ (outnumbered).
Enter note:
Enter note: You shoot an arrow.
The arrow hits the gnoll.
The gnoll is moderately wounded.
You shoot an arrow. The arrow barely misses the gnoll.
The gnoll hits you from afar with a +0 spear.
You shoot an arrow. The arrow barely misses the gnoll.
The gnoll hits you from afar with a +0 spear!
You shoot an arrow. The arrow closely misses the gnoll.
The gnoll hits you from afar with a +0 spear. x2
You shoot an arrow. The arrow closely misses the gnoll.
The gnoll closely misses you. The gnoll barely misses you.
You shoot an arrow. The arrow barely misses the gnoll.
The gnoll hits you from afar with a +0 halberd!
You die...

##########
############.........
#............#########
#..g.@........)......#
#..g####77.7########.#
#.)## 77...7 #.# #..
7P..77 #.# #.. P7...77
#.# #g. 7P...7.7 #.#
#.. 7.7..7.7# #%# #g.
#77P.77.######..
7777#.........


You could see 2 gnolls.

Vanquished Creatures
  A gnoll (D:2)
  A worm (D:2)
  5 ball pythons
  3 endoplasms
  A giant cockroach (D:2)
  6 goblins
  2 hobgoblins
  2 jackals (D:1)
  A quokka (D:1)
  3 bats
  2 kobolds (D:1)
  2 rats (D:1)
29 creatures vanquished.

Notes
Turn   | Place    | Note
-------+----------+-------------------------------------------
     0 | D:1      | qw the Gargoyle Hunter began the quest for the Orb.
     0 | D:1      | Reached XP level 1. HP: 12/12 MP: 1/1
     0 | D:1      | 0 ||| qw: Version: 0.3-a-74-g0d5e918
     0 | D:1      | 0 ||| qw: Game counter: 117
     0 | D:1      | 0 ||| qw: Melee chars always use a shield: true
     0 | D:1      | 0 ||| qw: God list: Okawaru
     0 | D:1      | 0 ||| qw: Allow faded altars: false
     0 | D:1      | 0 ||| qw: Do Orc after clearing Dungeon:15 true
     0 | D:1      | 0 ||| qw: Do second Lair branch before Depths: true
     0 | D:1      | 0 ||| qw: Lair rune preference: random
     0 | D:1      | 0 ||| qw: Goals: Normal
     0 | D:1      | 0 ||| PLANNING D:1-11
     2 | D:1      | Noticed a formicid
     2 | D:1      | Noticed a minotaur
     4 | D:1      | Noticed a tengu
     4 | D:1      | Noticed a vampire
     6 | D:1      | Noticed a felid
     6 | D:1      | Noticed an armataur
     8 | D:1      | Noticed a naga
     8 | D:1      | Noticed a gargoyle
    10 | D:1      | Noticed a draconian
    10 | D:1      | Noticed an elf
    13 | D:1      | Noticed a ghoul
    13 | D:1      | Noticed a merfolk
    15 | D:1      | Noticed a demonspawn
    17 | D:1      | Noticed an ogre
    19 | D:1      | Noticed a meteoran
    19 | D:1      | Noticed a troll
    21 | D:1      | Noticed an octopode
    23 | D:1      | Noticed a human
    23 | D:1      | Noticed a vine stalker
    25 | D:1      | Noticed a demigod
    25 | D:1      | Noticed a demonspawn
    27 | D:1      | Noticed a formicid
   113 | D:1      | Reached XP level 2. HP: 17/17 MP: 2/2
   519 | D:1      | 519 ||| UPGRADING to +1 ring mail of fire resistance.
   529 | D:1      | 529 ||| DROPPING +0 leather armour.
   530 | D:1      | 530 ||| UPGRADING to +0 pair of gloves of stealth.
   535 | D:1      | 535 ||| READING scroll labelled LIPNEFE IH DOG.
   536 | D:1      | 536 ||| READING scroll labelled JOWU ETAOTT.
   537 | D:1      | 537 ||| READING 2 scrolls labelled ACAQ SAERIFIV.
   538 | D:1      | 538 ||| READING scroll of enchant armour.
   538 | D:1      | 538 ||| ENCHANTING +0 pair of gloves of stealth.
   539 | D:1      | 539 ||| DROPPING scroll of butterflies.
   556 | D:2      | 556 ||| STAIRDANCE
   577 | D:2      | Reached XP level 3. HP: 12/21 MP: 3/3
   577 | D:2      | 577 ||| STAIRDANCE
   622 | D:2      | Reached skill level 1 in Armour
   757 | D:2      | Found a faded altar of an unknown god.
   887 | D:2      | 887 ||| Stepping ~*~*~tactically~*~*~ (retreating).
   890 | D:2      | Reached skill level 5 in Ranged Weapons
   891 | D:2      | 891 ||| Stepping ~*~*~tactically~*~*~ (outnumbered).
   897 | D:2      | Slain by a gnoll

Levels and vault maps discovered:
D:1:      kb_arrival_jail, layout_basic
D:2:      layout_loops_ring, serial_forest, infiniplex_forest_clump_tiny,
          infiniplex_forest_lined_2, infiniplex_forest_clump_tiny,
          infiniplex_forest_lined_2, infiniplex_forest_clump_diagonal,
          infiniplex_forest_end_2, infiniplex_forest_straight_5,
          infiniplex_forest_end_2, shapermc_ecumenical_altar_ellora

Skill      XL: |  1  2  3 |
---------------+----------+-----
Armour         | 1 |  1.0
Ranged Weapons | 5 |  5.1
Fighting       | |  2.1
Dodging        | |  1.5
Stealth        | |  1.1

Action                     || total
---------------------------++-------
   Fire: Shortbow          ||    96
    Use: Scroll            ||     4
 Armour: Leather armour    ||    12
         Ring mail         ||     6
  Dodge: Dodged            ||    25

Table legend:
 A = Non-vault XP
 B = Vault XP
 C = Vault XP percentage of total XP
 D = Non-vault monster count
 E = Vault monster count
 F = Vault count percentage of total count
                 A         B        C        D         E       F
            +---------+---------+-------+---------+---------+-------
      Total |      66 |       0 |   0.0 |      29 |       0 |   0.0
            +---------+---------+-------+---------+---------+-------
        D:1 |      31 |       0 |   0.0 |      18 |       0 |   0.0
        D:2 |      35 |       0 |   0.0 |      11 |       0 |   0.0
            +---------+---------+-------+---------+---------+-------
